 Dungeon Crawl Stone Soup version 0.21-a0-94-gdd6ab6a (webtiles) character file.

752 Monsterracer the Gusty (level 7, -2/38 HPs)
             Began as a Tengu Air Elementalist on July 2, 2017.
             Was an Initiate of Vehumet.
             Slain by a phantom (7 damage)
             ... on level 5 of the Dungeon.
             The game lasted 00:21:46 (6429 turns).

Monsterracer the Gusty (Tengu Air Elementalist)     Turns: 6429, Time: 00:21:46

Health: -2/38      AC:  3    Str:  9      XL:     7   Next: 78%
Magic:  2/14       EV: 15    Int: 16 (17) God:    Vehumet [......]
Gold:   194        SH:  0    Dex: 11 (14) Spells: 4/14 levels left

rFire    . . .     SeeInvis .   h - +0 mace (venom)
rCold    . . .     Gourm    .   (no shield)
rNeg     . . .     Faith    +   a - +1 robe
rPois    +         Spirit   .   (helmet restricted)
rElec    .         Reflect  .   (no cloak)
rCorr    .         Harm     .   (no gloves)
MR       .....                  (boots unavailable)
Stlth    +++.......             s - amulet of faith
HPRegen  0.12/turn              j - ring of poison resistance
MPRegen  0.14/turn              m - ring of stealth

@: flying quickly and evasively, quick
A: beak, talons 3, able to fly 1
a: Renounce Religion


You were on level 5 of the Dungeon.
You worshipped Vehumet.
Vehumet was noncommittal.
You were hungry.

You visited 2 branches of the dungeon, and saw 7 of its levels.

You collected 194 gold pieces.

Inventory:

Hand Weapons
 h - a +0 mace of venom (weapon)
Armour
 a - a +1 robe (worn)
 i - a +0 buckler
Jewellery
 j - a ring of poison resistance (left hand)
 m - a ring of stealth (right hand)
 s - an amulet of faith (around neck)
Wands
 d - a wand of enslavement (11/24)
Scrolls
 f - a scroll of enchant armour
 n - 2 scrolls of identify
Potions
 e - a potion of resistance
 p - 2 potions of curing
Books
 b - a book of Air

   Spells                             Type                      Level
   a - Shock                          Conjuration/Air              1
   b - Swiftness                      Charms/Air                   2
   c - Static Discharge               Conjuration/Air              3
   d - Airstrike                      Air                          4
   e - Lightning Bolt                 Conjuration/Air              5
Comestibles
 c - 3 bread rations
 g - 8 fruits
 k - a chunk of flesh
 l - a royal jelly
 o - 4 meat rations


   Skills:
 + Level 1.4 Fighting
 + Level 2.7 Dodging
 - Level 2.0 Stealth
 + Level 4.0 Spellcasting
 * Level 6.3 Conjurations
 * Level 7.8 Air Magic


You had 4 spell levels left.
You knew the following spells:

 Your Spells              Type           Power        Failure   Level  Hunger
a - Shock                 Conj/Air       ####         1%          1    None
b - Swiftness             Chrm/Air       ###.....     4%          2    ##.....
c - Static Discharge      Conj/Air       ####....     2%          3    ###....
d - Airstrike             Air            ####......   7%          4    ####...


Dungeon Overview and Level Annotations

Branches:
Dungeon (6/15)             Temple (1/1) D:4

Altars:
Ashenzari
Cheibriados
Dithmenos
Elyvilon
Fedhas
Gozag
Hepliaklqana
Kikubaaqudgha
Makhleb
Nemelex Xobeh
Okawaru
Qazlal
Ru
Trog
Uskayaw
Vehumet
Xom
Yredelemnul
Zin
The Shining One

Annotations:
D:5 Prince Ribbit


Innate Abilities, Weirdness & Mutations

You have a beak for a mouth.
You have claws for feet.
You can fly.


Message History

Press: ? - help, Shift-Dir - straight line, f/p - phantom
Aim: a phantom (heavily damaged)
The zap misses the phantom.
* * * LOW MAGIC WARNING * * *
The phantom blinks!
There is a stone staircase leading down here.
You fly downwards.
An orc, an orc priest, 2 orc wizards and a skeleton come into view.
An orc wizard is wielding a dagger of venom.
Found a glowing cyan potion, 14 bolts and a small zirconium amulet.
Found a stone staircase leading down.
There is a stone staircase leading up here.
You no longer feel sluggish.
The orc priest shouts!
The orc priest mumbles some strange prayers to Beogh against you.
You struggle to resist.
You fly upwards.
Level annotation: Prince Ribbit The phantom hits you!
You die...

...........
###...............
#.................
#.#...............
#.#...............
#.#...............
#.#...............
#####W#...............
#....@................
#.#####...............
#.# #...............
#.# #...............
#.# #...............
#.# #...............
#.# #.........).....
#ยง# #...............
########.#
#...............


You could see a phantom.

Vanquished Creatures
  A phantom (D:4)
  An ogre (D:4)
  A bullfrog (D:4)
  2 orc priests (D:4)
  A hound (D:3)
  A centaur skeleton (D:3)
  An iguana (D:4)
  2 orc wizards (D:4)
  5 worker ants
  9 adders
  2 shadow imps
  3 adder skeletons (D:4)
  4 worms
  2 leopard geckos
  10 orcs
  A ball python (D:3)
  5 giant cockroaches
  9 goblins
  8 hobgoblins
  9 kobolds
  A ball python zombie (D:5)
  4 bats
  A frilled lizard (D:2)
  A leopard gecko skeleton (D:4)
  A quokka zombie (D:5)
  12 rats
97 creatures vanquished.

Notes
Turn   | Place    | Note
-------+----------+-------------------------------------------
     0 | D:1      | Monsterracer the Tengu Air Elementalist began the quest for the Orb.
     0 | D:1      | Reached XP level 1. HP: 10/10 MP: 4/4
   330 | D:1      | Reached XP level 2. HP: 15/15 MP: 3/6
   339 | D:1      | Learned a level 2 spell: Swiftness
   915 | D:1      | Reached XP level 3. HP: 19/19 MP: 0/7
   940 | D:1      | Learned a level 3 spell: Static Discharge
  1869 | D:2      | Found a shattered altar of Ashenzari.
  2049 | D:3      | Reached skill level 5 in Air Magic
  2049 | D:3      | Reached XP level 4. HP: 21/24 MP: 4/8
  2508 | D:3      | Gained mutation: You can fly. [Tengu growth]
  2508 | D:3      | Reached XP level 5. HP: 18/28 MP: 2/10
  2722 | D:3      | Found a shadowy altar of Dithmenos.
  2987 | D:3      | Reached skill level 6 in Air Magic
  3447 | D:4      | Learned a level 4 spell: Airstrike
  3571 | D:4      | Learned a level 2 spell: Swiftness
  3719 | D:4      | Noticed a phantom
  3737 | D:4      | Killed a phantom
  3737 | D:4      | Reached skill level 5 in Conjurations
  3737 | D:4      | Reached XP level 6. HP: 11/32 MP: 1/11
  3960 | D:4      | Reached skill level 7 in Air Magic
  4279 | D:4      | Reached XP level 7. HP: 18/36 MP: 8/13
  4589 | D:4      | Found a stormy altar of Qazlal.
  5066 | D:4      | Found a staircase to the Ecumenical Temple.
  5075 | Temple   | Entered the Ecumenical Temple
  5091 | Temple   | Became a worshipper of Vehumet
  5458 | D:4      | Reached skill level 1 in Fighting
  5491 | D:4      | Noticed a moth of wrath
  5494 | D:4      | Found a bloodstained altar of Trog.
  5814 | D:5      | Entered Level 5 of the Dungeon
  5867 | D:5      | Noticed Prince Ribbit
  6132 | D:5      | Found a glowing golden altar of the Shining One.
  6429 | D:5      | Slain by a phantom

Vault maps used:
D:1:      sevenhm_arrival_forest_fort_small_3, roderic_lattice_a
D:2:      overflow_temple_1_default, first_bread
D:3:      grunt_dithmenos_smoke_and_mirrors
D:4:      tgw_trog, lemuel_doored_altar, minmay_temple_entry_poolview
D:5:      old_standard_altar, uniq_prince_ribbit1
D:6:      overflow_temple_1_default, serial_corexii_hall,
          corexii_hall_statues_i, corexii_hall_statues_s
Temple:   compressed_dpeg_circular_temple

Skill      XL: |  1  2  3  4  5  6  7 |
---------------+----------------------+-----
Conjurations   | 2 3 5 6 |  6.3
Air Magic      | 5 6 7 |  7.8
Spellcasting   | 3 4 |  4.0
Fighting       | 1 |  1.4
Dodging        | |  2.7
Stealth        | |  2.0

Action                   |  1- 3 |  4- 6 |  7- 9 || total
-------------------------+-------+-------+-------++-------
Melee: Mace              |     5 |     8 |     1 ||    14
       Whip              |       |     3 |       ||     3
       Kick              |       |     1 |       ||     1
 Cast: Shock             |    59 |    93 |    74 ||   226
       Static Discharge  |       |     1 |     2 ||     3
       Airstrike         |       |       |     3 ||     3
       Swiftness         |       |       |     2 ||     2
 Abil: Fly               |       |       |     1 ||     1
  Use: Potion            |     4 |     4 |     2 ||    10
       Scroll            |       |     7 |     4 ||    11
 Stab: Sleeping          |     1 |       |       ||     1
  Eat: Chunk             |     3 |     8 |     7 ||    18
Armor: Robe              |     3 |     5 |       ||     8
Dodge: Dodged            |     7 |    26 |    10 ||    43
